Map: Year Zero LE

Players

Astrea - Winner!

  • Race: Protoss Protoss
  • League: Grandmaster
  • Spawn Location: 11:00

puCK (Nina)

  • Race: Protoss Protoss
  • League: Grandmaster
  • Spawn Location: 1:00

Event: 2019 WCS Winter Americas

VOD

Have the link to the VOD?

Description

Time

  • Played on: March 24, 2019, 12:32 p.m.
  • Length: 10:16

All games in this series

Show
View Real Time Build Order
Export as new Build Order

Astrea Protoss - Winner!

Build Orders: Phoenix Opening 

Get SALT Encoding   

  12  0:00  Probe  
  13  0:13  Probe  
  14  0:19  Pylon  
  14  0:25  Probe  
  15  0:33  Probe  
  15  0:39  Gateway  
  15  0:41  Probe  
  16  0:49  Assimilator  
  17  0:51  Probe  
  18  0:57  Assimilator  
  18  0:59  Probe  
  19  1:07  Probe  
  20  1:17  Probe  
  21  1:27  Cybernetics Core  
  21  1:28  Pylon  
  21  1:31  Probe  
  22  1:43  Probe  
  22  1:45  Pylon  
  23  1:55  Probe  
  24  2:06  Stargate  
  25  2:11  Warp Gate  
  26  2:17  Probe  
  27  2:29  Probe  
  27  2:41  Probe  
  27  2:43  Phoenix  
  26  2:48  Nexus  
  26  2:56  Probe  
  29  3:01  Phoenix  
  29  3:08  Probe  
  32  3:20  Probe  
  32  3:22  Phoenix  
  35  3:32  Probe  
  36  3:44  Probe  
  36  3:47  Phoenix  
  37  3:54  Probe  
  37  4:00  Probe  
  37  4:02  Probe  
  39  4:03  Twilight Council  
  39  4:06  Gateway  
  40  4:10  Gateway  
  40  4:13  Probe  
  40  4:14  Probe  
  42  4:25  Probe  
  42  4:27  Probe  
  42  4:28  Gateway  
  42  4:30  Blink  
  44  4:37  Probe  
  45  4:39  Probe  
  45  4:40  Stalker  
  48  4:51  Robotics Facility  
  48  4:55  Probe x2  
  48  4:58  Assimilator, Pylon  
  50  5:01  Stalker  
  52  5:09  Pylon  
  52  5:10  Probe x2  
  48  5:23  Stalker  
  48  5:25  Probe  
  48  5:28  Probe  
  48  5:33  Probe  
  49  5:37  Probe  
  49  5:39  Observer  
  49  5:41  Probe  
  52  5:46  Stalker x3  
  52  5:47  Probe  
  59  5:56  Stalker  
  62  5:59  Pylon  
  62  6:07  Pylon  
  62  6:18  Stalker x2  
  62  6:19  Stalker x2  
  62  6:24  Pylon  
  70  6:34  Pylon  
  70  6:42  Probe x2, Pylon  
  70  6:46  Stalker x3  
  78  7:13  Stalker x4  
  85  7:18  Forge  
  85  7:22  Pylon  
  84  7:25  Nexus  
  84  7:32  Assimilator  
  84  7:33  Protoss Ground Weapons Level 1  
  84  7:35  Observer  
  84  7:46  Stalker x4  
  92  7:54  Oracle  
  92  8:07  Observer  
  92  8:09  Probe x2  
  95  8:15  Pylon  
  95  8:24  Stalker x3  
  95  8:26  Pylon  
  101  8:53  Immortal  
  93  8:58  Stalker x4  
  93  9:01  Observer  
  101  9:03  Gateway  
  101  9:05  Gateway  
  101  9:08  Probe x2  
  108  9:10  Observer, Probe  
  108  9:22  Immortal  
  108  9:28  Probe x3  
  108  9:29  Sentry x3  
  117  9:34  Stalker  
  123  9:51  Photon Cannon  
  123  9:54  Photon Cannon  
  123  9:55  Photon Cannon  
  124  10:08  Stalker  
Show
View Real Time Build Order
Export as new Build Order

puCK Protoss 

Build Orders: Oracle Opening 

Get SALT Encoding   

  12  0:00  Probe  
  13  0:13  Probe  
  14  0:20  Pylon  
  14  0:25  Probe  
  15  0:35  Probe  
  15  0:41  Gateway  
  16  0:43  Probe  
  17  0:51  Assimilator  
  17  0:52  Probe  
  18  0:58  Assimilator  
  18  1:04  Probe  
  19  1:17  Probe  
  20  1:19  Gateway  
  20  1:30  Cybernetics Core  
  20  1:32  Probe  
  21  1:40  Pylon  
  21  1:44  Probe  
  22  1:50  Pylon  
  22  1:57  Probe  
  22  1:58  Stalker  
  25  2:10  Probe  
  25  2:11  Stargate  
  26  2:19  Warp Gate  
  26  2:22  Probe  
  27  2:29  Pylon  
  27  2:37  Probe  
  27  2:39  Stalker  
  30  2:46  Oracle  
  30  2:57  Shield Battery  
  33  3:17  Nexus  
  33  3:35  Probe  
  34  3:46  Oracle  
  34  3:47  Probe  
  32  3:49  Gateway  
  32  3:59  Probe  
  36  4:05  Pylon  
  36  4:09  Stalker  
  38  4:11  Probe  
  39  4:18  Twilight Council  
  39  4:23  Stalker, Probe  
  42  4:35  Probe  
  42  4:36  Probe  
  44  4:43  Forge  
  44  4:44  Pylon  
  44  4:47  Probe  
  44  4:48  Probe  
  44  4:55  Stalker  
  45  5:00  Probe  
  45  5:04  Probe  
  45  5:07  Stalker  
  48  5:08  Probe  
  48  5:12  Probe  
  50  5:16  Probe  
  50  5:20  Blink  
  50  5:22  Probe  
  50  5:27  Probe  
  48  5:28  Protoss Ground Weapons Level 1  
  48  5:30  Probe  
  49  5:39  Probe  
  50  5:45  Probe  
  51  5:51  Stalker x2, Probe  
  51  5:53  Probe  
  56  6:01  Probe, Gateway  
  56  6:04  Probe  
  58  6:07  Gateway  
  59  6:13  Gateway  
  59  6:15  Stalker  
  61  6:19  Assimilator  
  61  6:22  Assimilator  
  61  6:24  Robotics Facility  
  62  6:30  Stalker  
  63  6:33  Pylon  
  63  6:46  Pylon x2  
  63  6:51  Probe x2  
  65  6:56  Stalker x2  
  69  7:04  Stalker x3  
  69  7:12  Observer  
  69  7:13  Probe  
  69  7:17  Shield Battery  
  70  7:22  Stalker x2  
  74  7:33  Stalker x2  
  78  7:37  Pylon  
  76  7:46  Pylon  
  76  7:47  Protoss Ground Weapons Level 2  
  76  7:48  Pylon  
  76  7:52  Probe  
  77  8:00  Stalker  
  77  8:01  Stalker  
  73  8:07  Stalker x2  
  77  8:17  Dark Shrine  
  77  8:22  Stalker  
  79  8:30  Stalker x2  
  83  8:42  Stalker x2  
  87  8:53  Warp Prism  
  79  8:58  Stalker x2  
  83  9:10  Nexus  
  83  9:17  Stalker x2  
  84  9:22  Stalker x2  
  90  9:26  Gateway  
  90  9:41  Pylon  
  86  9:53  Dark Templar x3  
  86  9:54  Observer  
  92  10:05  Stalker  
Tags
 
Add a new tag
Caveats
  • Supply blocks, unpowered buildings, or Contaminate may cause inaccurate times.
  • Supply counts are checked every 10 seconds.